 Dungeon Crawl Stone Soup version 0.29-a0-823-gc37b1572da (webtiles) character file.

Game seed: 16411784034352168195

2144 gobodom the Covered (level 9, -5/70 HPs)
             Began as a Demonspawn Fighter on July 9, 2022.
             Was an Elder of Makhleb.
             Killed from afar by an orc sorcerer (37 damage)
             ... with a bolt of fire
             ... in a bailey.
             The game lasted 00:22:18 (4703 turns).

gobodom the Covered (Demonspawn Fighter)            Turns: 4703, Time: 00:22:18

Health: -5/70      AC: 12    Str: 23    XL:     9   Next: 9%
Magic:  12/12      EV:  9    Int: 11    God:    Makhleb [****..]
Gold:   1636       SH:  0    Dex: 22    Spells: 8/8 levels left

rFire   x . .      SeeInvis .   G - +6 broad axe "Tizolour" {vorpal, rF- Str+2 Int+2 Dex+9}
rCold   . . .      Faith    .   (no shield)
rNeg    + . .      Spirit   .   s - +0 chain mail
rPois   .          Reflect  .   o - +0 hat
rElec   .          Harm     .   (no cloak)
rCorr   .          Rampage  .   (no gloves)
Will    .....                   D - +0 pair of boots
Stlth   ..........              k - amulet of regeneration
HPRegen 1.01/turn               f - ring of positive energy
MPRegen 0.13/turn               (no ring)

@: mighty, invisible
A: rugged brown scales 1, powered by pain 2, demonic touch 2
a: Renounce Religion, Minor Destruction, Lesser Servant of Makhleb, Major
Destruction


You were in a bailey.
You worshipped Makhleb.
Makhleb was greatly pleased with you.
You visited 1 branch of the dungeon, and saw 7 of its levels.
You also visited: Bailey.

You collected 1636 gold pieces.

Inventory:

Hand Weapons
 a - a +1 war axe
 x - a +1 hand axe of venom
 A - a +5 hand axe
 F - a +0 battleaxe
 G - the +6 broad axe "Tizolour" (weapon) {vorpal, rF- Str+2 Int+2 Dex+9}
   (You acquired it in a bailey)

   It inflicts extra damage upon your enemies.
   Str:       It affects your strength (+2).
   Int:       It affects your intelligence (+2).
   Dex:       It affects your dexterity (+9).
   rF:        It makes you vulnerable to fire.
Missiles
 y - 13 boomerangs (quivered)
Armour
 b - a +0 scale mail
 c - a +0 buckler
 j - an orb of wrath
 o - a +0 hat (worn)
 s - a +0 chain mail (worn)
 D - a +0 pair of boots (worn)
Magical Staves
 h - a staff of death
Jewellery
 f - a ring of positive energy (left hand)
 g - a ring of ice
 k - an amulet of regeneration (around neck)
 z - a ring of ice
Scrolls
 e - a scroll of fog
 n - a scroll of torment
 r - 2 scrolls of teleportation
 C - a scroll of amnesia
 E - a scroll of blinking
Potions
 d - a potion of attraction
 m - a potion of haste {unknown}
 p - a potion of lignification {unknown}
 q - a potion of magic {unknown}
 t - a potion of resistance {unknown}
 w - 2 potions of ambrosia {unknown}
 B - a potion of brilliance {unknown}


   Skills:
 + Level 5.0 Fighting
 + Level 6.7 Axes
 * Level 6.7 Armour
 + Level 2.4 Dodging
 + Level 1.5 Stealth
 + Level 3.2 Shields
 + Level 4.9 Invocations


You had 8 spell levels left.
You didn't know any spells.
Your spell library contained the following spells:

 Spells                   Type           Power      Damage    Failure   Level
 Sandblast                Erth           0%         2d4       93%         1
 Slow                     Hex            0%         N/A       93%         1
 Passwall                 Tmut/Erth      0%         N/A       98%         2
 Confusing Touch          Hex            0%         N/A       100%        3
 Portal Projectile        Hex/Tloc       0%         N/A       100%        3
 Stone Arrow              Conj/Erth      0%         3d7       100%        3
 Tukima's Dance           Hex            0%         N/A       100%        3
 Vampiric Draining        Necr           0%         2d6       100%        3
 Blade Hands              Tmut           0%         N/A       100%        5


Dungeon Overview and Level Annotations

Branches:
Dungeon (7/15)             Temple (0/1) D:5          Bailey (1/1)

Altars:
Makhleb

Shops:
D:1 (   D:4 :


Innate Abilities, Weirdness & Mutations

You are partially covered in rugged brown scales. (AC +1, +3% HP)
You sometimes gain power by taking damage.
Your touch may inflict irresistible damage on your foes.


Message History

The kobold demonologist shouts!
The orc shouts! x2
The orc sorcerer mumbles some strange words.
You feel troubled.
The kobold demonologist gestures wildly while chanting.
A hobgoblin comes into view. It is wielding a +0 war axe.
Found an iron altar of Okawaru.
The hobgoblin shouts!
You slash the orc!
You kill the orc!
Makhleb accepts your kill.
The kobold demonologist gestures wildly while chanting.
The orc sorcerer mumbles some strange words.
The hobgoblin hits you but does no damage.
You slice the hobgoblin!!
You kill the hobgoblin!
Makhleb accepts your kill.
The orc sorcerer gestures at you while chanting.
The bolt of fire hits the ufetubus!!
The ufetubus is burned terribly!
The ufetubus dies!
The ufetubus disappears in a puff of smoke!
The bolt of fire hits you!!! The fire burns you terribly!
Ouch! That really hurt!
The kobold demonologist casts a spell.
You slash the orc!
You kill the orc!
Makhleb accepts your kill.
You feel better.
You fade into invisibility!
The shadow imp grinds its teeth.
You feel mightier all of a sudden.
The orc sorcerer says, "Dogrw nutew berg."
The orc sorcerer hits you but does no damage.
You feel better.
The orc sorcerer hits you with a +0 war axe.
You slice the orc sorcerer!!
The orc sorcerer is almost dead.
The orc sorcerer points at you and mumbles some strange words.
The bolt of fire hits you!!! The fire burns you terribly!
Ouch! That really hurt!
You die...

#≈≈≈≈≈#....).....#.).....# #≈
#≈≈≈≈≈#...)#.....'.8.8.8.# #≈
#≈≈≈≈≈#.##############...######≈
#≈≈≈≈≈≈)#))+ #......#.≈≈
#≈≈≈≈≈†.#))# .#......#.≈≈
#≈≈≈≈≈≈.#..# ..#####''#.≈≈
#≈≈≈≈≈≈.######### ...##.....#.≈≈
#≈≈≈≈≈≈.#..8.8..#5...##....[)...
#≈≈≈≈≈≈∩.......@o35..##..⌠.)'...
#≈≈≈≈≈≈.#..8.8..#K...##....))...
#≈≈≈≈≈≈.######### ...##.....#.≈≈
#≈≈≈≈≈≈.#..# ..#####''#.≈≈
#≈≈≈≈≈≈.#[[# .#..)...#.≈≈
#≈≈≈≈≈≈.#[[+ #..)...#.≈≈
#≈≈≈≈≈#.##############...######≈
#≈≈≈≈≈#.)..#.....).8.8.8.#....#≈
#≈≈≈≈≈#..).'.....#)......#....#≈


You could see a kobold demonologist (unable to see you), a neqoxec (summoned,
unable to see you), an orc sorcerer and 2 iron imps.

Vanquished Creatures
  A water moccasin (D:5)
  8 orc warriors (Bailey)
  A sky beast (D:6)
  A black bear (D:5)
  A phantom (D:5)
  Blork the orc (D:6)
  A bullfrog (D:5)
  A necrophage (D:5)
  4 scorpions
  3 wights (D:6)
  2 electric eels (Bailey)
  A howler monkey (D:6)
  A hound (D:4)
  2 iguanas
  2 gnolls (Bailey)
  8 adders
  A shadow imp (D:5)
  A white imp (D:6)
  2 ufetubi
  3 worms (D:4)
  3 dart slugs
  19 orcs
  6 ball pythons
  9 bats
  7 endoplasms
  6 giant cockroaches
  15 goblins
  16 hobgoblins
  A quokka (D:2)
  2 frilled lizards
  7 kobolds
  5 rats
141 creatures vanquished.

Vanquished Creatures (others)
  A fungus (D:1)
  6 plants
7 creatures vanquished.

Grand Total: 148 creatures vanquished

Notes
Turn   | Place    | Note
-------+----------+-------------------------------------------
     0 | D:1      | gobodom the Demonspawn Fighter began the quest for the Orb.
     0 | D:1      | Reached XP level 1. HP: 18/18 MP: 1/1
    28 | D:1      | Gained mutation: Your touch may inflict minor irresistible
                  | damage on your foes. [demonic ancestry]
    28 | D:1      | Reached XP level 2. HP: 5/24 MP: 2/2
   281 | D:1      | Found a faded altar of an unknown god.
   285 | D:1      | Prayed at the altar of an unknown god.
   285 | D:1      | Became a worshipper of Makhleb the Destroyer
   285 | D:1      | Reached * piety under Makhleb
   382 | D:1      | Reached XP level 3. HP: 28/29 MP: 3/3
   507 | D:1      | Found Kuuphudu's Weapon Emporium.
   800 | D:2      | Reached ** piety under Makhleb
  1099 | D:2      | Gained mutation: You sometimes gain a little power by
                  | taking damage. [demonic ancestry]
  1099 | D:2      | Reached XP level 4. HP: 36/37 MP: 4/4
  1518 | D:3      | Noticed a scorpion
  1526 | D:3      | Killed a scorpion
  1527 | D:3      | Reached skill level 1 in Dodging
  1527 | D:3      | Reached skill level 1 in Invocations
  1527 | D:3      | Gained mutation: You are partially covered in rugged brown
                  | scales. (AC +1, +3% HP) [demonic ancestry]
  1527 | D:3      | Reached XP level 5. HP: 29/43 MP: 5/5
  2724 | D:4      | Found Sots's Book Emporium.
  2728 | D:4      | Reached *** piety under Makhleb
  2896 | D:5      | Entered Level 5 of the Dungeon
  2907 | D:5      | Reached XP level 6. HP: 37/48 MP: 7/7
  2947 | D:5      | Identified a scroll of acquirement
  2947 | D:5      | Acquired 1320 gold pieces
  2953 | D:5      | Noticed a water moccasin
  2965 | D:5      | Killed a water moccasin
  2997 | D:5      | Gained mutation: You sometimes gain power by taking damage.
                  | [demonic ancestry]
  2997 | D:5      | Reached XP level 7. HP: 53/55 MP: 9/9
  3017 | D:5      | Reached skill level 1 in Stealth
  3196 | D:5      | Found a staircase to the Ecumenical Temple.
  3584 | D:6      | Reached skill level 5 in Armour
  3586 | D:6      | Reached skill level 5 in Axes
  3648 | D:6      | Gained mutation: Your touch may inflict irresistible damage
                  | on your foes. [demonic ancestry]
  3648 | D:6      | Reached XP level 8. HP: 58/61 MP: 10/10
  3764 | D:6      | Noticed Blork the orc
  3769 | D:6      | Killed Blork the orc
  4246 | D:7      | Found a flagged portal.
  4263 | Bailey   | Entered a bailey
  4397 | Bailey   | Reached **** piety under Makhleb
  4468 | Bailey   | Acquired the +6 broad axe "Tizolour" {vorpal, rF- Str+2
                  | Int+2 Dex+9}
  4519 | Bailey   | Reached XP level 9. HP: 11/69 MP: 12/12
  4619 | Bailey   | Reached skill level 5 in Fighting
  4696 | Bailey   | Found an iron altar of Okawaru.
  4696 | Bailey   | Noticed a kobold demonologist
  4696 | Bailey   | Noticed an orc sorcerer
  4703 | Bailey   | Killed from afar by an orc sorcerer

Illustrated notes

Levels and vault maps discovered:
D:1:      dpeg_arrival_court, layout_basic, shapermc_ecumenical_altar_acropolis,
          serial_shops, nicolae_shop_bloodbath_and_beyond
D:2:      layout_basic
D:3:      layout_basic
D:4:      layout_basic, serial_bayou, serial_bayou_pond_a,
          serial_bayou_crossing, serial_bayou_pond_a, serial_bayou_pond_a,
          serial_shops, nicolae_shop_advertising_works
          [nicolae_subvault_shop_adworks], grunt_ministairs_14
D:5:      layout_basic, minmay_temple_entry_butterflies
D:6:      layout_loops_ring, uniq_blork_the_orc
D:7:      layout_gridville, chequers_temple_overflow_statue_of_worship,
          enter_bailey_4, minivault_27
Bailey:   bailey_axe_of_yendor_kennysheep, bailey

Skill      XL: |  1  2  3  4  5  6  7  8  9 |
---------------+----------------------------+-----
Armour         | 3 4 5 6 |  6.7
Axes           | 2 3 4 5 6 |  6.7
Shields        | 3 |  3.2
Dodging        | 1 2 |  2.4
Invocations    | 1 2 3 4 |  4.9
Fighting       | 4 5 |  5.0
Stealth        | 1 |  1.5

Action                   |  1- 3 |  4- 6 |  7- 9 || total
-------------------------+-------+-------+-------++-------
Melee: War axe           |    80 |   138 |    35 ||   253
       Touch             |       |     3 |    21 ||    24
       Hand axe          |       |       |    76 ||    76
       Broad axe         |       |       |    21 ||    21
       Punch             |       |       |     1 ||     1
Invok: Minor Destruction |       |       |     6 ||     6
  Use: Potion            |     1 |     1 |     7 ||     9
       Scroll            |       |    12 |     3 ||    15
Armor: Scale mail        |    62 |    40 |       ||   102
       Chain mail        |       |    15 |    66 ||    81
Dodge: Dodged            |    53 |    89 |    48 ||   190
Block: Buckler           |    21 |    22 |       ||    43

Table legend: (Time is in decaauts)
 A = Elapsed time spent in this place.
 B = Non-inter-level travel time spent in this place.
 C = Inter-level travel time spent in this place.
 D = Time resting spent in this place.
 E = Time spent auto-exploring this place.
 F = Levels seen in this place.
 G = Mean time per level.
                   A        B        C        D        E       F      G
               +--------+--------+--------+--------+--------+-----+--------+
         Total |   4825 |   4748 |     77 |    593 |   2720 |   8 |  603.1 |
       Dungeon |   4379 |   4302 |     77 |    433 |   2720 |   7 |  625.6 |
        Bailey |    446 |    446 |      0 |    160 |      0 |   1 |  446.0 |
               +--------+--------+--------+--------+--------+-----+--------+

Top non-repeatable levels by time:
     D:3: 879 daAuts
     D:1: 750 daAuts
     D:2: 726 daAuts
     D:5: 693 daAuts
     D:4: 622 daAuts
     D:6: 621 daAuts
  Bailey: 446 daAuts
     D:7: 85 daAuts
